 Dungeon Crawl Stone Soup version 0.30-a0-737-gf23d94013f (webtiles) character file.

Game seed: 4508769735476687354

50099 Lavandula the Fighter (level 14, 38/118 HPs)
             Began as a Human Monk on Feb 2, 2023.
             Was the Champion of Elyvilon.
             Quit the game in an ice cave.
             The game lasted 01:02:16 (20392 turns).

Lavandula the Fighter (Human Monk)                 Turns: 20392, Time: 01:02:17

Health: 38/118     AC: 15    Str: 13    XL:     14   Next: 95%
Magic:  1/22       EV: 22    Int: 11    God:    Elyvilon [******]
Gold:   463        SH:  5    Dex: 19    Spells: 20/23 levels left

rFire   + . .      SeeInvis .    L - +4 long sword (flame)
rCold   + . .      Faith    .    D - +0 buckler
rNeg    + . .      Spirit   +    m - +2 troll leather armour {Snorg}
rPois   +          Reflect  .    Z - -2 hat of the Alchemist {rElec rPois rF+ rC+ rN+ Will+ rMut rCorr}
rElec   +          Harm     .    i - scarf {repulsion}
rCorr   +          Rampage  .    O - +2 pair of gloves
rMut    +                        W - +1 pair of boots
Will    ++...                    l - amulet of Birdsong {Spirit Stlth+}
Stlth   +++                      p - +5 ring of evasion
HPRegen 1.19/turn                B - +4 ring of protection
MPRegen 0.18/turn

@: mighty, repel missiles
A: no striking features
a: Renounce Religion, Purification, Heal Other, Heal Self, Divine Vigour


You were in an ice cave.
You worshipped Elyvilon.
Elyvilon was exalted by your worship.
You visited 3 branches of the dungeon, and saw 17 of its levels.
You also visited: Bailey and Ice Cave.

You collected 1037 gold pieces.
You spent 574 gold pieces at shops.

Inventory:

Hand Weapons
 H - a +0 short sword of venom
 K - a +4 short sword of freezing
 L - a +4 long sword of flaming (weapon)
Missiles
 e - 111 poisoned darts (quivered)
 C - 2 throwing nets
 J - 4 javelins
 N - 5 silver boomerangs
 P - 3 silver javelins
Armour
 i - a scarf of repulsion (worn)
 m - a +2 troll leather armour (worn) {Snorg}
 r - a +2 helmet
 D - a +0 buckler (worn)
 O - a +2 pair of gloves (worn)
 Q - a +3 scale mail of cold resistance
 R - +0 steam dragon scales
 W - a +1 pair of boots (worn)
 Z - the -2 hat of the Alchemist (worn) {rElec rPois rF+ rC+ rN+ Will+ rMut rCorr}
   (You acquired it on level 12 of the Dungeon)

   rF:        It protects you from fire.
   rC:        It protects you from cold.
   rElec:     It insulates you from electricity.
   rPois:     It protects you from poison.
   rN:        It protects you from negative energy.
   rCorr:     It protects you from acid and corrosion.
   rMut:      It protects you from mutation.
   Will:      It increases your willpower.
Jewellery
 d - a ring of poison resistance
 l - the amulet of Birdsong (around neck) {Spirit Stlth+}
   (You acquired it on level 12 of the Dungeon)

   [amulet of guardian spirit]

   It causes incoming damage to be divided between your reserves of health and
   magic.
   Stlth:     It makes you more stealthy.
 p - a +5 ring of evasion (left hand)
 t - a ring of ice
 v - a ring of resist corrosion
 B - a +4 ring of protection (right hand)
 E - an amulet of reflection
 G - a ring of positive energy
Wands
 a - a wand of mindburst (12)
 b - a wand of flame (85)
 I - a wand of digging (4)
 M - a wand of iceblast (10)
 T - a wand of polymorph (2)
Scrolls
 g - 3 scrolls of brand weapon
 h - 4 scrolls of noise {unknown}
 u - 5 scrolls of vulnerability
 w - 2 scrolls of poison
 y - 5 scrolls of blinking {unknown}
 F - 3 scrolls of magic mapping {unknown}
 V - 5 scrolls of amnesia
 Y - 3 scrolls of silence
Potions
 c - 7 potions of ambrosia
 j - 3 potions of curing
 k - a potion of mutation {unknown}
 o - 4 potions of flight
 q - a potion of might
 s - 3 potions of brilliance
 x - 4 potions of attraction
 A - 2 potions of magic
 S - a potion of cancellation
 U - a potion of resistance {unknown}
 X - a potion of lignification


   Skills:
 - Level 13.0 Fighting
 - Level 8.6(11.2) Short Blades
 + Level 11.3(12.5) Long Blades
 - Level 10.1 Armour
 - Level 9.8 Dodging
 - Level 2.0 Stealth
 - Level 3.0 Shields
 - Level 5.4 Spellcasting
 - Level 5.1 Ice Magic
 - Level 5.9 Invocations
 - Level 4.0 Evocations


You had 20 spell levels left.
You knew the following spells:

 Your Spells              Type           Power      Damage    Failure   Level
a - Frozen Ramparts       Ice            28%        1d5       12%         3

Your spell library contained the following spells:

 Spells                   Type           Power      Damage    Failure   Level
 Freeze                   Ice            56%        1d7       4%          1
 Beastly Appendage        Tmut           4%         N/A       32%         1
 Hailstorm                Conj/Ice       8%         3d4       34%         3
 Static Discharge         Conj/Air       4%         2-3/arc   45%         2
 Wereblood                Tmut           2%         N/A       45%         2
 Call Canine Familiar     Summ           2%         N/A       69%         3
 Ignite Poison            Fire/Tmut/Pois 2%         N/A       69%         3
 Inner Flame              Hex/Fire       2%         N/A       69%         3
 Kindle Blastsparks       Fire/Tloc/Air  4%         2d10      69%         3
 Portal Projectile        Hex/Tloc       4%         N/A       69%         3
 Spider Form              Tmut/Pois      2%         N/A       69%         3
 Tukima's Dance           Hex            2%         N/A       69%         3
 Vhi's Electric Charge    Tloc/Air       4%         N/A       69%         3
 Anguish                  Hex/Necr       1%         N/A       97%         4
 Cause Fear               Hex            1%         N/A       97%         4
 Leda's Liquefaction      Hex/Erth       1%         N/A       97%         4
 Manifold Assault         Tloc           2%         N/A       97%         4
 Olgreb's Toxic Radiance  Pois           2%         N/A       97%         4
 Passage of Golubria      Tloc           2%         N/A       97%         4
 Freezing Cloud           Conj/Ice/Air   3%         6-21      99%         5
 Arcjolt                  Conj/Air       1%         1d11      100%        5
 Lightning Bolt           Conj/Air       1%         1d12      100%        5
 Yara's Violent Unravell  Hex/Tmut       1%         3d3       100%        5
 Dispersal                Tloc           1%         N/A       100%        6
 Simulacrum               Ice/Necr       4%         N/A       100%        6
 Enfeeble                 Hex            1%         N/A       100%        7
 Ozocubu's Refrigeration  Ice            7%         4d9       100%        7
 Discord                  Hex            1%         N/A       100%        8
 Disjunction              Tloc           1%         N/A       100%        8
 Ignition                 Fire           1%         3d3       100%        8
 Polar Vortex             Ice            7%         N/A       100%        9


Dungeon Overview and Level Annotations

Branches:
Dungeon (14/15)            Temple (1/1) D:7            Lair (2/5) D:8
 Shoals (0/4) Lair:2        Snake (0/4) Lair:2          Orc (0/2) D:9
 Bailey (visited)           IceCv (1/1)
 Vaults: D:13-14

Altars:
Ashenzari
Dithmenos
Elyvilon
Gozag
Kikubaaqudgha
Makhleb
Nemelex Xobeh
Sif Muna
Yredelemnul
Zin

Shops:
D:1 *   D:6 *   D:12 (

Annotations:
D:9 exclusion: downstairs
D:12 2 transporters, NoOffense's ghost, journeyman TrMo


Message History

You close the door.
A reaper opens the door.
You close the door.
A reaper opens the door.
You close the door.
A reaper opens the door.
You close the door.
A reaper opens the door.
You close the door.
A reaper opens the door.
You close the door.
The white very ugly thing gurgles horribly!
A reaper opens the door.
You close the door.
A reaper opens the door.
You close the door.
A reaper opens the door.
Okay, then.
Okay, then.
Okay, then.
Press: ? - help, Dir - move target, f/p - reaper Heal: a reaper, wielding a +2 scythe of freezing (moderately wounded, uninterested)
You are healed.
The reaper hits you from afar with a +2 scythe of freezing!!!
* * * LOW HITPOINT WARNING * * *
The reaper freezes you.
* * * LOW HITPOINT WARNING * * *
The white very ugly thing kicks you.
* * * LOW HITPOINT WARNING * * *
The white very ugly thing freezes you! You resist.
* * * LOW HITPOINT WARNING * * *
Okay, then.
The reaper shouts, "Death awaits you!"
Something unseen opens the door.
There is an open door here.
Okay, then.
Okay, then.
Okay, then.
Okay, then.
You feel much better. The white very ugly thing kicks you!
* * * LOW HITPOINT WARNING * * *
The white very ugly thing freezes you! You resist.
* * * LOW HITPOINT WARNING * * *
You feel much better.
The white very ugly thing closely misses you.
The reaper closely misses you.
Are you sure you want to abandon this character and quit the game? (Confirm with "yes".)

#...#.#...#
#+#...#'###'#
+.......'.#.#
#.8...8.###.#
+.......'.#.#
###.8...8.###.#
+..........22.#
###.8...82###.#
+.......u@#.#
#.8...8.###2#
+.....2.+ #.#
#+######'######'#
#...........2...#
####8.#####.8####
##2#$?=#2##
#.#.⌠.#.#
#.#[.!#.#


You could see a white very ugly thing and 2 reapers.

Vanquished Creatures
  Frances (D:12)
  Snorg (D:10)
  2 vault guards (Bailey)
  A caustic shrike simulacrum (IceCv)
  2 centaur warriors (D:13)
  A boulder beetle (Lair:1)
  4 two-headed ogres
  A fire crab (shapeshifter) (D:13)
  A spriggan simulacrum (IceCv)
  2 obsidian statues (IceCv)
  An orc knight (D:13)
  A necromancer (D:10)
  11 ugly things
  5 manticores
  4 cyclopes
  6 elephants
  2 cane toads (Lair:2)
  3 gargoyles
  Maggie (D:9)
  4 kobold demonologists
  2 unseen horrors (D:12)
  6 freezing wraiths (IceCv)
  6 komodo dragons
  An ice devil (IceCv)
  An anaconda simulacrum (IceCv)
  3 golden dragon simulacra (IceCv)
  A wind drake (Lair:2)
  A queen bee (D:11)
  Prince Ribbit (Bailey)
  Grinder (D:4)
  4 trolls
  4 blink frogs (Lair:1)
  6 slime creatures
  4 wyverns
  6 yaks (D:10)
  A basilisk (Lair:1)
  3 vampires
  4 humans (Bailey)
  5 vampire mosquitoes
  6 nagas (Lair:2)
  3 water moccasins
  2 sky beasts
  6 orc warriors
  2 black bears
  11 centaurs
  An ogre (D:5)
  7 wolves (Lair:1)
  2 phantoms
  21 kobold brigands
  19 bullfrogs
  3 scorpions
  4 gnoll sergeants
  4 wights (D:7)
  21 killer bees (D:11)
  A lindwurm simulacrum (IceCv)
  2 howler monkeys (D:6)
  An electric eel (Lair:1)
  4 hounds
  2 orc priests
  A jelly (D:7)
  A gnoll bouda (D:4)
  4 iguanas
  8 orc wizards
  4 yak simulacra (D:10)
  4 polar bear simulacra (D:10)
  2 wolf simulacra (D:10)
  Robin (D:2)
  25 gnolls
  8 adders
  3 white imps
  2 ufetubi
  2 worms
  7 dart slugs
  30 orcs
  5 endoplasms
  4 giant cockroaches
  13 goblins
  11 hobgoblins
  8 jackals
  32 kobolds
  5 quokkas
  10 ball pythons
  5 bats
  5 frilled lizards
  3 rats
  A river rat simulacrum (D:10)
440 creatures vanquished.

Vanquished Creatures (others)
  A kobold brigand (D:10)
  A fungus (Lair:2)
  5 plants
7 creatures vanquished.

Grand Total: 447 creatures vanquished

Notes
Turn   | Place    | Note
-------+----------+-------------------------------------------
     0 | D:1      | Lavandula the Human Monk began the quest for the Orb.
     0 | D:1      | Reached XP level 1. HP: 18/18 MP: 1/1
    87 | D:1      | Reached XP level 2. HP: 24/24 MP: 2/2
   409 | D:1      | Reached XP level 3. HP: 21/29 MP: 3/3
   527 | D:1      | Found Exusk's General Store.
   704 | D:1      | Bought a potion of curing for 36 gold pieces
  1311 | D:2      | Reached skill level 1 in Short Blades
  1311 | D:2      | Reached XP level 4. HP: 24/35 MP: 4/4
  2038 | D:2      | Noticed Robin
  2068 | D:2      | Reached XP level 5. HP: 27/41 MP: 5/5
  2095 | D:2      | Killed Robin
  2226 | D:3      | You fall into a shaft and drop 1 floor!
  2254 | D:4      | Noticed Grinder
  2265 | D:4      | Noticed a phantom
  2283 | D:4      | Noticed a black bear
  3237 | D:4      | Reached XP level 6. HP: 42/47 MP: 6/6
  3264 | D:4      | Killed Grinder
  3265 | D:4      | Reached XP level 7. HP: 49/52 MP: 7/7
  4131 | D:5      | Entered Level 5 of the Dungeon
  4280 | D:5      | Reached XP level 8. HP: 58/58 MP: 8/8
  4280 | D:5      | Reached skill level 13 in Fighting
  4280 | D:5      | Reached XP level 9. HP: 85/85 MP: 9/9
  6200 | D:6      | Found Bitocu's Assorted Antiques.
  6214 | D:6      | Bought a scroll labelled GUPEJUT POCLUL for 26 gold pieces
  6214 | D:6      | Bought a scroll labelled OVITTESMOXA for 26 gold pieces
  6378 | D:6      | Reached skill level 1 in Shields
  7045 | D:7      | Reached XP level 10. HP: 19/87 MP: 10/10
  7270 | D:7      | Found a staircase to the Ecumenical Temple.
  7311 | D:7      | Reached skill level 5 in Long Blades
  7324 | Temple   | Entered the Ecumenical Temple
  7395 | Temple   | Became a worshipper of Elyvilon the Healer
  7395 | Temple   | Reached * piety under Elyvilon
  7395 | Temple   | Reached ** piety under Elyvilon
  8173 | D:8      | Found a staircase to the Lair.
  8175 | D:8      | Identified the +1 robe of Hotyusch {Int-2 Dex+4}
  8514 | D:8      | Found a shadowy altar of Dithmenos.
  8519 | D:8      | Found a shimmering blue altar of Sif Muna.
  8534 | D:8      | Found a sparkling altar of Nemelex Xobeh.
  8552 | D:8      | Found an opulent altar of Gozag.
  8557 | D:8      | Found a broken altar of Ashenzari.
  8561 | D:8      | Found a burning altar of Makhleb.
  9018 | D:1      | Bought a +3 scale mail of cold resistance for 312 gold
                  | pieces
  9227 | D:9      | Reached *** piety under Elyvilon
  9229 | D:9      | Noticed Maggie
  9241 | D:9      | Killed Maggie
  9401 | D:9      | Found a flagged portal.
  9413 | D:9      | Learned a level 3 spell: Frozen Ramparts
  9434 | Bailey   | Entered a bailey
  9766 | Bailey   | Noticed Prince Ribbit
  9766 | Bailey   | Noticed a vault guard
  9775 | Bailey   | Killed a vault guard
  9776 | Bailey   | Reached XP level 11. HP: 77/98 MP: 11/11
  9779 | Bailey   | Killed Prince Ribbit
  9904 | Bailey   | Noticed a vault guard
  9930 | Bailey   | Killed a vault guard
 10135 | Bailey   | Reached skill level 5 in Armour
 10135 | Bailey   | Reached XP level 12. HP: 105/105 MP: 12/12
 10262 | D:9      | Found a staircase to the Orcish Mines.
 11029 | D:10     | Entered Level 10 of the Dungeon
 11029 | D:10     | Found a glowing silver altar of Zin.
 11095 | D:10     | Reached skill level 10 in Long Blades
 11232 | Lair:1   | Entered Level 1 of the Lair of Beasts
 11446 | Lair:1   | Reached skill level 1 in Ice Magic
 11783 | D:1      | Bought a scroll of enchant armour for 90 gold pieces
 11783 | D:1      | Bought a scroll of teleportation for 36 gold pieces
 11783 | D:1      | Bought a scroll of immolation for 48 gold pieces
 11967 | Lair:1   | Identified the +7 war axe "Laudgh" {heavy, rF+ SInv}
 12229 | Lair:1   | Reached **** piety under Elyvilon
 12663 | Lair:1   | Reached skill level 5 in Ice Magic
 12783 | Lair:1   | Noticed a boulder beetle
 12805 | Lair:1   | Killed a boulder beetle
 13289 | Lair:2   | Found a staircase to the Shoals.
 13324 | Lair:2   | Reached XP level 13. HP: 56/111 MP: 13/13
 13499 | Lair:2   | Reached skill level 1 in Invocations
 13745 | Lair:2   | Reached ***** piety under Elyvilon
 14121 | Lair:2   | Found a staircase to the Snake Pit.
 14353 | Lair:2   | Reached skill level 5 in Invocations
 15714 | D:10     | Noticed Snorg
 15748 | D:10     | Killed Snorg
 16240 | D:10     | Reached skill level 1 in Spellcasting
 17154 | D:12     | Reached skill level 5 in Spellcasting
 17347 | D:12     | Found Paukkus's Weapon Boutique.
 17442 | D:12     | Identified 2 scrolls of acquirement
 17443 | D:12     | Acquired the -2 hat of the Alchemist {rElec rPois rF+ rC+
                  | rN+ Will+ rMut rCorr}
 17443 | D:12     | Found the -2 hat of the Alchemist {rElec rPois rF+ rC+ rN+
                  | Will+ rMut rCorr}
 17445 | D:12     | Acquired the amulet of Birdsong {Spirit Stlth+}
 17477 | D:12     | Noticed a centaur warrior
 17479 | D:12     | Noticed NoOffense's ghost (journeyman TrMo)
 17572 | D:12     | Reached XP level 14. HP: 97/118 MP: 16/22
 17762 | D:12     | Found a transporter.
 17784 | D:12     | Found a transporter.
 18010 | D:12     | Noticed Frances
 18047 | D:12     | Killed Frances
 18555 | D:13     | Reached ****** piety under Elyvilon
 19267 | D:13     | Reached skill level 10 in Armour
 19509 | D:14     | Found a basalt altar of Yredelemnul.
 19696 | D:14     | Found a frozen archway.
 19762 | IceCv    | Entered an ice cave
 20060 | IceCv    | Noticed a white very ugly thing
 20329 | IceCv    | Noticed a reaper
 20329 | IceCv    | Noticed a reaper
 20329 | IceCv    | Noticed a reaper
 20392 | IceCv    | Quit the game

Illustrated notes

Levels and vault maps discovered:
D:1:      arrival_zaba_pyramid, layout_basic, serial_shops,
          nicolae_shop_waterfront, st_stairs_9
D:2:      layout_basic, wad_floor_pattern_untrapped, due_unseen_surprise,
          uniq_robin
D:3:      layout_loops_cross, grunt_ministairs_5, minmay_strange_pillars
D:4:      layout_loops_ring, uniq_grinder
D:5:      layout_basic
D:6:      layout_basic, serial_shops, nicolae_shop_behind_doors
D:7:      layout_loops_corners, minmay_temple_entry_glassed_door
D:8:      layout_loops_ring, nicolae_overflow_hallway_of_the_gods,
          lair_entry_dummy
D:9:      layout_loops_cross, david_orc_2, enter_bailey_8, uniq_maggie
D:10:     layout_loops_cross, mainiacjoe_overflow_catwalk, special_room
          [special_room_kobold], eino_house_with_fridge, uniq_snorg
D:11:     layout_roguey, minivault_7
D:12:     layout_stronghold, nzn_ghost_randoct, serial_shops,
          nicolae_shop_temple_entry_statues_fountains, uniq_frances
D:13:     layout_stronghold, grunt_ministairs_8
D:14:     layout_cave_pods, david_vaults_2, nicolae_trove_entry_free_sample,
          portal_ice_cave_entry_ugly_swarm, yredelemnul_altar_generic,
          uniq_azrael
Temple:   regret_index_temple_generic_petals
Lair:1:   layout_regular_city, chequers_serial_rivers_small_3,
          serial_bayou_shore_a
Lair:2:   layout_cave_pods, minmay_shoals_entry_beasts,
          minmay_snake_entry_guardpost_large
IceCv:    ice_cave_tombish

Skill      XL: |  1  2  3  4  5  6  7  8  9 10 11 12 13 14 |
---------------+-------------------------------------------+-----
Long Blades    | 4 8 9 10 11 | 11.3
Short Blades   | 1 2 4 6 7 8 |  8.6
Fighting       | 13 | 13.0
Shields        | 3 |  3.0
Armour         | 5 6 10 | 10.1
Dodging        | 6 9 |  9.8
Ice Magic      | 5 |  5.1
Evocations     | 4 |  4.0
Invocations    | 5 |  5.9
Spellcasting   | 5 |  5.4
Stealth        | |  2.0

Action                     |  1- 3 |  4- 6 |  7- 9 | 10-12 | 13-15 || total
---------------------------+-------+-------+-------+-------+-------++-------
  Melee: Falchion          |    88 |       |       |       |       ||    88
         Punch             |     3 |     2 |     7 |       |       ||    12
         Dagger            |    18 |   306 |   454 |       |       ||   778
         Short sword       |       |       |    73 |       |       ||    73
         Long sword        |       |       |     8 |   463 |   956 ||  1427
  Throw: Dart              |       |       |    39 |     9 |    31 ||    79
         Boomerang         |       |       |     3 |       |       ||     3
   Cast: Frozen Ramparts   |       |       |       |       |    16 ||    16
 Invoke: Heal Self         |       |       |       |     2 |     3 ||     5
  Evoke: Wand              |       |       |       |     7 |    17 ||    24
    Use: Scroll            |       |     3 |     5 |     5 |    15 ||    28
         Potion            |       |     1 |     2 |     5 |    10 ||    18
   Stab: Sleeping          |     1 |       |       |       |     5 ||     6
         Distracted        |       |       |       |       |     4 ||     4
 Armour: Robe              |     4 |       |       |       |       ||     4
         Ring mail         |    30 |       |       |       |       ||    30
         Scale mail        |     6 |    51 |    37 |    73 |    47 ||   214
         Skin              |       |       |       |     2 |     9 ||    11
         Troll leather arm |       |       |       |       |   197 ||   197
  Dodge: Dodged            |    56 |   131 |   171 |   208 |   683 ||  1249
         Repelled          |     1 |       |     3 |     1 |    12 ||    17
  Block: Buckler           |       |       |    11 |   121 |   344 ||   476
         Reflection        |       |       |       |     1 |     7 ||     8

Table legend: (Time is in decaauts)
 A = Elapsed time spent in this place.
 B = Non-inter-level travel time spent in this place.
 C = Inter-level travel time spent in this place.
 D = Time resting spent in this place.
 E = Time spent auto-exploring this place.
 F = Levels seen in this place.
 G = Mean time per level.
                   A        B        C        D        E       F      G
               +--------+--------+--------+--------+--------+-----+--------+
         Total |  19719 |  18219 |   1500 |   1591 |  12395 |  19 | 1037.8 |
       Dungeon |  15086 |  13745 |   1341 |    551 |   9948 |  14 | 1077.6 |
        Temple |     89 |     71 |     18 |      0 |     64 |   1 |   89.0 |
          Lair |   3181 |   3041 |    140 |    494 |   2069 |   2 | 1590.5 |
        Bailey |    754 |    754 |      0 |    336 |    243 |   1 |  754.0 |
      Ice Cave |    608 |    608 |      0 |    210 |     71 |   1 |  608.0 |
               +--------+--------+--------+--------+--------+-----+--------+

Top non-repeatable levels by time:
  Lair:2: 1664 daAuts
  Lair:1: 1516 daAuts
     D:1: 1476 daAuts
     D:7: 1430 daAuts
    D:10: 1379 daAuts
     D:5: 1376 daAuts
     D:9: 1235 daAuts
    D:12: 1205 daAuts
     D:4: 1200 daAuts
    D:13: 1086 daAuts
     D:8: 1077 daAuts
     D:2: 928 daAuts
     D:6: 919 daAuts
     D:3: 785 daAuts
  Bailey: 754 daAuts
